 Dungeon Crawl Stone Soup version 0.28-a0-1387-g3a22ab9bdc (webtiles) character file.

Game seed: 6675813808712146762

26363 voltaire321 the Fighter (level 12, -2/110 HPs)
             Began as a Green Draconian Conjurer on Jan 3, 2022.
             Was an Elder of Vehumet.
             Slain by a blink frog (13 damage)
             ... on level 3 of the Lair of Beasts.
             The game lasted 01:01:00 (20757 turns).

voltaire321 the Fighter (Green Draconian Conjurer) Turns: 20757, Time: 01:01:01

Health: -2/110     AC: 12    Str: 10    XL:     12   Next: 97%
Magic:  10/25      EV: 17    Int: 23    God:    Vehumet [****..]
Gold:   945        SH:  5    Dex: 16    Spells: 11/30 levels left

rFire   + . .      SeeInvis .   h - +1 dagger (venom)
rCold   . . .      Faith    .   N - +0 buckler
rNeg    . . .      Spirit   .   (armour unavailable)
rPois   +          Reflect  .   (helmet restricted)
rElec   .          Harm     .   i - +2 cloak {rCorr}
rCorr   +          Rampage  .   (no gloves)
Will    .....                   y - +0 pair of boots
Stlth   ++........              (no amulet)
HPRegen 0.28/turn               f - +6 ring of dexterity
MPRegen 0.19/turn               e - ring of protection from fire

@: no status effects
A: breathe noxious fumes, AC +8, unfitting armour, poison resistance,
cold-blooded
a: Breathe Noxious Fumes, Renounce Religion


You were on level 3 of the Lair of Beasts.
You worshipped Vehumet.
Vehumet was greatly pleased with you.
You visited 3 branches of the dungeon, and saw 14 of its levels.
You also visited: Ossuary, Bailey and Volcano.

You collected 945 gold pieces.

Inventory:

Hand Weapons
 a - a +1 vampiric whip
 h - a +1 dagger of venom (weapon)
 p - a +0 rapier of chaos
 P - a +1 rapier of flaming
Missiles
 d - 2 throwing nets
Armour
 i - a +2 cloak of preservation (worn)
 y - a +0 pair of boots (worn)
 E - a scarf of repulsion
 N - a +0 buckler (worn)
Jewellery
 e - a ring of protection from fire (right hand)
 f - a +6 ring of dexterity (left hand)
 A - a ring of see invisible
 L - an amulet of faith
 M - a ring of resist corrosion
Wands
 o - a wand of flame (62)
 u - a wand of acid (5)
 C - a wand of paralysis (6)
 G - a wand of polymorph (3)
 H - a wand of iceblast (2)
 K - a wand of charming (7)
 O - a wand of digging (5)
Scrolls
 r - 3 scrolls of blinking
 t - 3 scrolls of teleportation
 x - 5 scrolls of fear
 B - a scroll of enchant weapon
 F - a scroll of fog
 J - a scroll of magic mapping
 Q - a scroll of identify
 R - 2 scrolls of summoning {unknown}
Potions
 b - 3 potions of haste {unknown}
 c - 3 potions of brilliance
 g - 2 potions of cancellation {unknown}
 j - 3 potions of might {unknown}
 k - 3 potions of flight {unknown}
 l - 3 potions of lignification {unknown}
 m - 7 potions of mutation
 n - 2 potions of ambrosia {unknown}
 q - 5 potions of resistance
 s - 3 potions of heal wounds {unknown}
 v - 2 potions of berserk rage {unknown}
 w - 5 potions of curing
 z - a potion of magic {unknown}
 D - 2 potions of degeneration {unknown}
 I - a potion of attraction {unknown}


   Skills:
 + Level 11.3 Fighting
 + Level 9.7 Dodging
 - Level 1.7 Stealth
 + Level 3.5 Shields
 + Level 9.7 Spellcasting
 + Level 11.1 Conjurations
 - Level 4.0 Transmutations
 + Level 0.5 Air Magic
 - Level 4.0 Earth Magic
 + Level 5.3 Poison Magic


You had 11 spell levels left.
You knew the following spells:

 Your Spells              Type           Power      Damage    Failure   Level
a - Magic Dart            Conj           100%       1d8       1%          1
b - Searing Ray           Conj           100%       2d8       1%          2
c - Stone Arrow           Conj/Erth      92%        3d12      1%          3
d - Passwall              Tmut/Erth      24%        N/A       1%          2
e - Eringya's Noxious Bo  Tmut/Pois      16%        N/A       32%         6
f - Lightning Bolt        Conj/Air       19%        1d33      4%          5

Your spell library contained the following spells:

 Spells                   Type           Power      Damage    Failure   Level
 Beastly Appendage        Tmut           58%        N/A       1%          1
 Foxfire                  Conj/Fire      100%       2x1d9     1%          1
 Sandblast                Erth           58%        2d13      1%          1
 Wereblood                Tmut           29%        N/A       1%          2
 Dazzling Flash           Conj/Hex       72%        N/A       1%          3
 Ignite Poison            Fire/Tmut/Pois 25%        N/A       1%          3
 Mephitic Cloud           Conj/Pois/Air  37%        N/A       1%          3
 Flame Wave               Conj/Fire      36%        2d7       1%          4
 Fulminant Prism          Conj/Hex       18%        3d11      1%          4
 Iskenderun's Mystic Bla  Conj/Tloc      36%        2d9       1%          4
 Sticky Flame             Conj/Fire      36%        2d6       1%          4
 Scorch                   Fire           22%        2d6       2%          2
 Spider Form              Tmut/Pois      32%        N/A       2%          3
 Corpse Rot               Necr/Air       24%        N/A       9%          2
 Freezing Cloud           Conj/Ice/Air   14%        6-21      9%          5
 Swiftness                Air            13%        N/A       14%         3
 Starburst                Conj/Fire      18%        6d7       24%         6
 Summon Lightning Spire   Summ/Air       12%        N/A       47%         4
 Storm Form               Tmut/Air       10%        N/A       100%        7
 Maxwell's Capacitive Co  Air            6%         ∞         100%        8


Dungeon Overview and Level Annotations

Branches:
Dungeon (10/15)            Temple (1/1) D:4            Lair (3/6) D:9
 Spider (0/4) Lair:3      Ossuary (visited)          Bailey (visited)
Volcano (visited)
  Swamp: Lair:2-4    Shoals: Lair:2-4     Snake: Lair:2-4       Orc: D:9-12

Altars:
Ashenzari
Cheibriados
Dithmenos
Elyvilon
Fedhas
Gozag
Hepliaklqana
Kikubaaqudgha
Makhleb
Nemelex Xobeh
Okawaru
Qazlal
Ru
Sif Muna
Trog
Uskayaw
Vehumet
Wu Jian
Xom
Yredelemnul
Zin
The Shining One


Innate Abilities, Weirdness & Mutations

You can breathe blasts of noxious fumes.
Your lurid green scales are hard. (AC +8)
You cannot fit into any form of body armour.
Your system is resistant to poisons. (rPois)
You are cold-blooded and may be slowed by cold attacks.


Message History

Aiming: Stone Arrow (safe; 1% risk of failure)
Press: ? - help, Shift-Dir - straight line, f/p - five-headed hydra
Aim: a five-headed hydra (almost dead, 92% to hit)
The stone arrow hits the five-headed hydra!!
You kill the five-headed hydra!
Vehumet accepts your kill.
You feel your power returning. You block the blink frog's attack.
The blink frog misses you.
The blink frog blinks!
The blink frog hits you.
* * * LOW HITPOINT WARNING * * *
You hit the blink frog.
The blink frog is heavily wounded.
You hit the blink frog but do no damage.
The blink frog is poisoned.
The blink frog blinks!
The blink frog barely misses you.
You barely miss the blink frog. The blink frog hits you!
* * * LOW HITPOINT WARNING * * *
You block the blink frog's attack. The blink frog misses you.
The blink frog barely misses you.
You hit the blink frog but do no damage.
The blink frog is poisoned.
The blink frog is heavily wounded.
The blink frog misses you. You block the blink frog's attack.
You closely miss the blink frog.
The blink frog is heavily wounded.
The blink frog misses you. The blink frog barely misses you.
The blink frog hits you but does no damage.
The blink frog hits you.
* * * LOW HITPOINT WARNING * * *
The blink frog blinks!
Casting: Stone Arrow (safe; 1% risk of failure)
Confirm with . or Enter, or press ? or * to list all spells.
Aiming: Stone Arrow (safe; 1% risk of failure)
Press: ? - help, Shift-Dir - straight line, f - blink frog
Aim: a blink frog (lightly wounded, very poisoned, 57% to hit)
The stone arrow hits the blink frog.
The blink frog is moderately wounded.
You kill the blink frog!
Vehumet accepts your kill.
You feel your power returning. The blink frog hits you!
You die...

#......## **,,,,**
###<......# *,,,,,,*
#........##**,,,,,,**
##.......##*,,,,,,,,*
#...†...P#**,,,,,,,*
##.....P.##**,,,,,,,**
#......P.P#*,,,,,,,,,*
##...FF.P##*,,,,,,**##
#...@..## *,,,,,,* #(
#......# *,,,,,**###
##....## *,,,,,*##P#
##.P## **,,,,,#...
##.### **,,,.#...
#....####***,,......
####....#*,,**..#..#
###F...#,,*,....*
###....P.,,#..*


You could see 2 blink frogs.

Vanquished Creatures
  A hydra (Lair:3)
  2 two-headed ogres
  A sun demon (Volcano)
  Pikel (D:8)
  An orc sorcerer (Volcano)
  2 ugly things
  6 elephants (Lair:2)
  Joseph (D:8)
  3 black mambas
  7 cane toads
  3 rime drakes
  4 komodo dragons
  3 red devils (Volcano)
  A troll (D:6)
  A hornet (D:9)
  Prince Ribbit (D:8)
  9 blink frogs
  2 jumping spiders (Lair:3)
  Sigmund (D:6)
  A wyvern (Lair:2)
  5 spriggans (Bailey)
  20 yaks
  Eustachio (D:6)
  A basilisk (Lair:2)
  A steam dragon (Bailey)
  2 wargs (D:9)
  An acid dragon (D:6)
  A hell hound (Volcano)
  7 water moccasins
  3 ice beasts
  5 black bears
  A cane toad zombie (D:10)
  3 orc warriors
  A sky beast (D:7)
  8 ogres
  5 centaurs
  A necrophage (D:5)
  10 wolves (Lair:3)
  3 lemures (D:8)
  2 phantoms
  3 kobold brigands
  Blork the orc (D:6)
  13 bullfrogs
  A gnoll sergeant (D:7)
  A wyvern zombie (D:7)
  2 scorpions
  3 water moccasin zombies
  5 killer bees (D:8)
  3 wights (D:8)
  A howler monkey (D:9)
  2 electric eels (D:10)
  A bullfrog zombie (D:6)
  4 centaur zombies
  A centaur skeleton (D:3)
  A jelly (D:5)
  Crazy Yiuf (D:3)
  3 hounds (D:7)
  3 orc priests
  Terence (D:3)
  2 iguanas
  8 orc wizards
  2 hell rats (Lair:2)
  8 mummies (Ossuary)
  A howler monkey zombie (D:9)
  3 gnolls (D:7)
  10 adders
  4 river rats (Lair:2)
  2 shadow imps
  A white imp (D:6)
  2 ufetubi
  2 worms
  3 dart slugs
  41 orcs
  9 bats
  7 endoplasms
  A giant cockroach (D:4)
  A gnoll zombie (Ossuary)
  9 goblins
  3 hobgoblins
  8 jackals
  21 kobolds
  A quokka (D:1)
  5 ball pythons
  2 frilled lizards
  2 hobgoblin zombies (Ossuary)
  4 kobold zombies (Ossuary)
  An orc zombie (Ossuary)
  8 rats
353 creatures vanquished.

Vanquished Creatures (others)
  12 fungi
  9 plants
21 creatures vanquished.

Grand Total: 374 creatures vanquished

Notes
Turn   | Place    | Note
-------+----------+-------------------------------------------
     0 | D:1      | voltaire321 the Draconian Conjurer began the quest for the
                  | Orb.
     0 | D:1      | Reached XP level 1. HP: 14/14 MP: 3/3
   278 | D:1      | Reached XP level 2. HP: 22/22 MP: 0/5
   334 | D:1      | Learned a level 2 spell: Searing Ray
   562 | D:1      | Reached skill level 1 in Fighting
   990 | D:2      | Reached XP level 3. HP: 28/28 MP: 0/6
  1150 | D:2      | Got the Collected Works on the Blaze
  1814 | D:2      | Reached XP level 4. HP: 36/36 MP: 2/7
  2128 | D:3      | Reached XP level 5. HP: 41/41 MP: 2/9
  2267 | D:3      | Noticed Terence
  2303 | D:3      | Killed Terence
  3318 | D:3      | Found a runed translucent door.
  3319 | D:3      | Noticed Crazy Yiuf
  3329 | D:3      | Killed Crazy Yiuf
  3330 | D:3      | Reached XP level 6. HP: 29/51 MP: 4/11
  3700 | D:4      | Found a sand-covered staircase.
  3705 | Ossuary  | Entered an ossuary
  3710 | Ossuary  | Learned a level 3 spell: Stone Arrow
  3920 | Ossuary  | Reached skill level 5 in Conjurations
  4476 | D:4      | Reached skill level 1 in Earth Magic
  4821 | D:4      | Found a staircase to the Ecumenical Temple.
  4831 | Temple   | Entered the Ecumenical Temple
  5011 | Temple   | Became a worshipper of Vehumet
  5158 | D:4      | Your scales start taking on a lurid green colour.
  5158 | D:4      | Reached XP level 7. HP: 47/57 MP: 8/12
  5158 | D:4      | Gained mutation: Your system is resistant to poisons.
                  | (rPois) [Green Draconian growth]
  5651 | D:5      | Entered Level 5 of the Dungeon
  6246 | D:5      | Reached XP level 8. HP: 67/67 MP: 7/14
  6582 | D:6      | Noticed Sigmund
  6586 | D:6      | Killed Sigmund
  6587 | D:6      | Reached skill level 5 in Fighting
  6644 | D:6      | Reached skill level 5 in Dodging
  6644 | D:6      | Reached skill level 5 in Spellcasting
  7183 | D:6      | Reached XP level 9. HP: 75/75 MP: 13/17
  7643 | D:6      | Reached * piety under Vehumet
  7643 | D:6      | Offered knowledge of Shock by Vehumet.
  7912 | D:6      | Found the +7 Kryia's mail coat {PotionHeal*2 rC+}
  7916 | D:6      | Noticed Blork the orc
  7924 | D:6      | Killed Blork the orc
  7954 | D:6      | Noticed Eustachio
  7965 | D:6      | Killed Eustachio
  8371 | D:6      | Noticed a troll
  8377 | D:6      | Killed a troll
  9519 | D:8      | Got the Guide on the Birds and Intoxication
  9574 | D:8      | Reached XP level 10. HP: 76/88 MP: 20/20
  9950 | D:8      | Offered knowledge of Static Discharge by Vehumet.
  9976 | D:8      | Reached ** piety under Vehumet
 10267 | D:8      | Noticed Pikel
 10430 | D:8      | Killed Pikel
 10591 | D:8      | Noticed Prince Ribbit
 10595 | D:8      | Noticed Joseph
 10613 | D:8      | Killed Prince Ribbit
 10631 | D:8      | HP: 2/88 [Joseph/sling bullet (9)]
 10635 | D:8      | Killed Joseph
 11330 | D:9      | Got Hamele's Collected Works on Gliding Contamination
 11337 | D:9      | Noticed a two-headed ogre
 11344 | D:9      | Killed a two-headed ogre
 11354 | D:9      | Found a flagged portal.
 11407 | Bailey   | Entered a bailey
 11766 | Bailey   | Identified the +11 shortbow of Watchfulness {freeze, rCorr
                  | MP-9 Str+8}
 11811 | Bailey   | Noticed a two-headed ogre
 11821 | Bailey   | Killed a two-headed ogre
 11822 | Bailey   | Reached XP level 11. HP: 77/97 MP: 6/23
 12148 | D:9      | Offered knowledge of Inner Flame by Vehumet.
 12250 | D:9      | Found a staircase to the Lair.
 12991 | D:9      | Noticed a red ugly thing
 13001 | D:9      | Killed a red ugly thing
 13489 | D:10     | Entered Level 10 of the Dungeon
 14016 | D:10     | Reached *** piety under Vehumet
 14017 | D:10     | Reached skill level 10 in Conjurations
 14091 | D:10     | Reached skill level 10 in Fighting
 14403 | D:10     | Found a glowing golden altar of the Shining One.
 14747 | D:10     | Learned a level 2 spell: Passwall
 14754 | D:10     | Learned a level 6 spell: Eringya's Noxious Bog
 14811 | Lair:1   | Entered Level 1 of the Lair of Beasts
 15130 | Lair:1   | Reached skill level 1 in Poison Magic
 15137 | Lair:1   | Offered knowledge of Conjure Flame by Vehumet.
 15139 | Lair:1   | Reached skill level 1 in Transmutations
 16126 | Lair:1   | Reached XP level 12. HP: 107/107 MP: 18/25
 16633 | Lair:2   | Reached skill level 1 in Shields
 17094 | Lair:2   | Reached **** piety under Vehumet
 18707 | Lair:3   | Found a hole to the Spider Nest.
 18718 | Lair:3   | Offered knowledge of Lightning Bolt by Vehumet.
 18725 | Lair:3   | Learned a level 5 spell: Lightning Bolt
 18943 | Lair:3   | Found a dark tunnel.
 18952 | Volcano  | Entered a volcano
 19266 | Volcano  | Reached skill level 5 in Poison Magic
 20362 | Lair:3   | Noticed a four-headed hydra
 20362 | Lair:3   | Noticed a seven-headed hydra
 20362 | Lair:3   | Noticed an eight-headed hydra
 20734 | Lair:3   | Noticed a five-headed hydra
 20751 | Lair:3   | Killed a five-headed hydra
 20757 | Lair:3   | Slain by a blink frog

Illustrated notes

Levels and vault maps discovered:
D:1:      dpeg_arrival_long_road, layout_rooms, columned_hall_lemuel,
          minmay_pentomino_u2
D:2:      layout_basic, minivault_27
D:3:      layout_rooms, chequers_serial_rivers_micro_b, uniq_crazy_yiuf_cottage,
          uniq_terence
D:4:      layout_rooms, minmay_temple_entry_arrows, enter_ossuary_2
D:5:      layout_rooms
D:6:      layout_loops_ring, roderic_serpentine_path, solitary_fountain,
          minmay_divided_ellipse, uniq_eustachio, uniq_blork_the_orc,
          uniq_sigmund
D:7:      layout_basic, grunt_decor_cap, dk_vineyard_1,
          hangedman_decor_peaks_small
D:8:      layout_loops_corners, uniq_prince_ribbit1, uniq_joseph, uniq_pikel
D:9:      layout_cave_pods, erik_lair_orcish_takeover, enter_bailey_4
D:10:     layout_basic, amcnicky_altar_gilded
Temple:   mainiacjoe_temple_starburst
Lair:1:   layout_roguey
Lair:2:   layout_gridlike, kennysheep_abandoned_house, infiniplex_staircase_pool
Lair:3:   layout_cave_pods, spider_nest_entry_a, nicolae_volcano_entry_hallway,
          hangedman_lair_generics_rect

Skill      XL: |  1  2  3  4  5  6  7  8  9 10 11 12 |
---------------+-------------------------------------+-----
Dodging        | 2 3 4 5 6 8 9 |  9.7
Fighting       | 1 2 3 4 6 7 9 10 11 | 11.3
Spellcasting   | 3 4 5 6 8 9 |  9.7
Conjurations   | 5 6 7 8 9 10 11 | 11.1
Earth Magic    | 1 2 3 4 |  4.0
Poison Magic   | 2 5 |  5.3
Transmutations | 2 4 |  4.0
Shields        | 3 |  3.5
Stealth        | |  1.7
Air Magic      | |  0.5

Action                   |  1- 3 |  4- 6 |  7- 9 | 10-12 || total
-------------------------+-------+-------+-------+-------++-------
Melee: Whip              |    18 |    36 |       |       ||    54
       Dagger            |       |    39 |   146 |   277 ||   462
       Tailslap          |       |     9 |    13 |    45 ||    67
 Cast: Magic Dart        |    64 |    64 |    29 |    37 ||   194
       Searing Ray       |     4 |    27 |    17 |    41 ||    89
       Stone Arrow       |       |       |    64 |   243 ||   307
 Abil: Breathe Noxious F |       |       |     1 |     1 ||     2
Evoke: Wand              |       |       |       |     3 ||     3
  Use: Scroll            |       |     7 |     5 |     9 ||    21
       Potion            |       |       |       |     1 ||     1
 Stab: Confused          |       |       |     2 |       ||     2
       Sleeping          |       |       |     2 |       ||     2
       Distracted        |       |       |     1 |     1 ||     2
Armor: Skin              |    13 |    40 |    67 |   175 ||   295
Dodge: Dodged            |    25 |    78 |   137 |   449 ||   689
Block: Buckler           |       |       |       |    49 ||    49

Table legend: (Time is in decaauts)
 A = Elapsed time spent in this place.
 B = Non-inter-level travel time spent in this place.
 C = Inter-level travel time spent in this place.
 D = Time resting spent in this place.
 E = Time spent auto-exploring this place.
 F = Levels seen in this place.
 G = Mean time per level.
                   A        B        C        D        E       F      G
               +--------+--------+--------+--------+--------+-----+--------+
         Total |  20817 |  20296 |    521 |   9212 |   6854 |  17 | 1224.5 |
       Dungeon |  13260 |  12844 |    416 |   5431 |   4812 |  10 | 1326.0 |
        Temple |    249 |    191 |     58 |      0 |    169 |   1 |  249.0 |
          Lair |   5445 |   5398 |     47 |   2734 |   1610 |   3 | 1815.0 |
       Ossuary |    734 |    734 |      0 |    483 |     43 |   1 |  734.0 |
        Bailey |    612 |    612 |      0 |    371 |     21 |   1 |  612.0 |
       Volcano |    514 |    514 |      0 |    193 |    198 |   1 |  514.0 |
               +--------+--------+--------+--------+--------+-----+--------+

Top non-repeatable levels by time:
     D:6: 2094 daAuts
  Lair:2: 2063 daAuts
  Lair:1: 1755 daAuts
     D:9: 1680 daAuts
  Lair:3: 1626 daAuts
     D:3: 1592 daAuts
     D:8: 1461 daAuts
     D:2: 1356 daAuts
    D:10: 1285 daAuts
     D:7: 1237 daAuts
     D:4: 966 daAuts
     D:1: 868 daAuts
 Ossuary: 734 daAuts
     D:5: 718 daAuts
  Bailey: 612 daAuts
